 Dungeon Crawl Stone Soup version 0.27.1 (webtiles) character file.

Game seed: 1210031781270874417

38 Romesagentofchaos the Skirmisher (level 3, 0/46 HPs)
             Began as a Draconian Berserker on Aug 23, 2021.
             Was a Believer of Trog.
             Slain by a gnoll (3 damage)
             ... on level 2 of the Dungeon.
             The game lasted 00:09:29 (1519 turns).

Romesagentofchaos the Skirmisher (DrBe)             Turns: 1519, Time: 00:09:30

Health: 0/46       AC:  6    Str: 19    XL:     3   Next: 25%
Magic:  3/3        EV:  9    Int:  7    God:    Trog [**....]
Gold:   37         SH:  7    Dex: 11    Spells: 2/2 levels left

rFire    + . .     SeeInvis .   b - +0 falchion (holy)
rCold    . . .     Faith    .   g - +0 kite shield
rNeg     . . .     Spirit   .   (armour unavailable)
rPois    .         Reflect  .   e - +1 hat
rElec    .         Harm     .   (no cloak)
rCorr    .         Rampage  .   (no gloves)
Will     .....                  (no boots)
Stlth    ..........             (no amulet)
HPRegen  0.15/turn              c - ring of protection from fire
MPRegen  0.08/turn              (no ring)

@: berserking, very quick
A: AC +5, unfitting armour, cold-blooded
a: Renounce Religion, Berserk, Trog's Hand


You were on level 2 of the Dungeon.
You worshipped Trog.
Trog was pleased with you.
You visited 1 branch of the dungeon, and saw 2 of its levels.

You collected 37 gold pieces.

Inventory:

Hand Weapons
 a - a +1 falchion
 b - a +0 falchion of holy wrath (weapon)
Armour
 e - a +1 hat (worn)
 g - a +0 kite shield (worn)
Jewellery
 c - a ring of protection from fire (left hand)
Scrolls
 d - a scroll of blinking


   Skills:
 + Level 3.5 Fighting
 + Level 3.5 Long Blades
 + Level 3.3 Dodging
 + Level 0.4 Shields


You had 2 spell levels left.
You didn't know any spells.
Your spell library contained the following spells:

 Spells                   Type           Power      Damage    Failure   Level
 Foxfire                  Conj/Fire      0%         2x1d4     97%         1
 Conjure Flame            Conj/Fire      0%         6-21      100%        3
 Inner Flame              Hex/Fire       0%         N/A       100%        3


Dungeon Overview and Level Annotations

Branches:
Dungeon (2/15)

Altars:


Innate Abilities, Weirdness & Mutations

Your plain brown scales are hard. (AC +5)
You cannot fit into any form of body armour.
You are cold-blooded and may be slowed by cold attacks.


Message History

A gnoll comes into view. It is wielding a +0 spear.
The gnoll shouts!
A gnoll comes into view. It is wielding a +0 club.
A gnoll comes into view. It is wielding a +0 club.
The gnoll moves out of view.
The gnoll shouts! x2
The gnoll hits you but does no damage.
You hit the gnoll but do no damage. You block the gnoll's attack.
The gnoll hits you with a +0 spear.
You completely miss the gnoll. You tail-slap the gnoll.
The gnoll is moderately wounded.
The gnoll hits you with a +0 spear. You block the gnoll's attack.
The gnoll hits you from afar with a +0 spear.
You hit the gnoll.
The gnoll is almost dead.
The gnoll hits you from afar with a +0 spear.
You block the gnoll's attack. The gnoll hits you but does no damage.
You hit the gnoll but do no damage. You block the gnoll's attack.
The gnoll hits you from afar with a +0 spear.
The gnoll barely misses you.
You hit the gnoll but do no damage. You tail-slap the gnoll.
The gnoll is moderately wounded.
The gnoll misses you.
The gnoll hits you from afar with a +0 spear.
* * * LOW HITPOINT WARNING * * *
The gnoll hits you but does no damage.
You barely miss the gnoll.
The gnoll is moderately wounded.
The gnoll hits you but does no damage.
The gnoll hits you from afar with a +0 spear.
* * * LOW HITPOINT WARNING * * *
The gnoll hits you with a +0 club.
* * * LOW HITPOINT WARNING * * *
The gnoll completely misses you. The gnoll barely misses you.
The gnoll hits you with a +0 club.
* * * LOW HITPOINT WARNING * * *
A red film seems to cover your vision as you go berserk!
You feel yourself moving faster!
You feel mighty! You block the gnoll's attack.
The gnoll hits you from afar with a +0 spear.
You die...

###..........#....##.
............+......†
#..........#.##.##. #
#..........#.##.##.
#.###..........#.##.##.
#................##.###
###.....#########
#.....## #.#@g..# # #
#g##.# #...g..#...
#.....##.#.. ........+
.#+#.. ........# ## #
........# ........#
.##.....#


You could see 3 gnolls.

Vanquished Creatures
  A worm (D:2)
  A dart slug (D:1)
  5 ball pythons (D:1)
  2 endoplasms
  2 giant cockroaches
  2 goblins (D:1)
  3 hobgoblins
  3 kobolds (D:1)
  2 quokkas
  6 bats
  A frilled lizard (D:1)
  3 rats (D:1)
31 creatures vanquished.

Notes
Turn   | Place    | Note
-------+----------+-------------------------------------------
     0 | D:1      | Romesagentofchaos the Draconian Berserker began the quest
                  | for the Orb.
     0 | D:1      | Reached XP level 1. HP: 19/19 MP: 1/1
   388 | D:1      | Reached XP level 2. HP: 26/26 MP: 2/2
  1012 | D:2      | Reached XP level 3. HP: 19/31 MP: 3/3
  1191 | D:2      | Reached ** piety under Trog
  1416 | D:2      | Found a faded altar of an unknown god.
  1519 | D:2      | Slain by a gnoll

Illustrated notes

Levels and vault maps discovered:
D:1:      dpeg_arrival_three_bigger_balls, layout_basic, st_stairs_14
D:2:      minmay_razor_zed, layout_basic, shapermc_ecumenical_altar_mp_vishouse,
          minmay_cut_off

Skill      XL: |  1  2 |
---------------+-------+-----
Dodging        | 3 |  3.3
Fighting       | |  3.5
Long Blades    | |  3.5
Shields        | |  0.4

Action                   || total
-------------------------++-------
Melee: Falchion          ||    82
       Tailslap          ||     8
Invok: Berserk           ||     2
  Use: Scroll            ||     5
       Potion            ||     4
Armor: Skin              ||    25
Dodge: Dodged            ||    37
Block: Kite shield       ||    33
       Rpst.: Falchion   ||     7
